 Dungeon Crawl Stone Soup version 0.19.3-4-gbf9329e (webtiles) character file.

67 JeffiDaFish the Shield-Bearer (level 4, -3/29 HPs)
             Began as a Gargoyle Fighter on Jan 29, 2017.
             Killed from afar by an orc wizard (8 damage)
             ... with a puff of flame
             ... on level 3 of the Dungeon.
             The game lasted 00:03:37 (2053 turns).

JeffiDaFish the Shield-Bearer (Gargoyle Fighter)    Turns: 2053, Time: 00:03:38

Health: -3/29      AC: 10    Str: 20    XL:     4   Next: 18%
Magic:  13/13      EV:  7    Int:  8    God:
Gold:   115        SH: 10    Dex: 10    Spells: 0 memorised, 3 levels left

rFire  . . .     SeeInvis .     a - +0 flail
rCold  . . .     Gourm    .     b - +0 scale mail
rNeg   + . .     Faith    .     c - +1 shield
rPois  ∞         Spirit   .     (no helmet)
rElec  +         Reflect  .     (no cloak)
rCorr  .         Harm     .     (no gloves)
MR     .....                    (no boots)
Stlth  ..........               (no amulet)
                                (no ring)
                                m - ring of magical power

@: no status effects
A: negative energy resistance 1, electricity resistance, unbreathing,
petrification resistance, rot immunity, AC +3
a: no special abilities


You were on level 3 of the Dungeon.
You were not hungry.

You visited 1 branch of the dungeon, and saw 3 of its levels.

You collected 115 gold pieces.

Inventory:

Hand Weapons
 a - a +0 flail (weapon)
Armour
 b - a +0 scale mail (worn)
 c - a +1 shield (worn)
Jewellery
 m - a ring of magical power (left hand)
Scrolls
 e - 4 scrolls of identify
 j - a scroll of fear
 k - 3 scrolls of teleportation
 l - 2 scrolls of recharging
 p - 2 scrolls of remove curse
Potions
 d - a potion of might
Comestibles
 f - 3 bread rations
 g - a slice of pizza
 i - 3 fruits
 n - a beef jerky
 o - a meat ration


   Skills:
 + Level 3.7 Fighting
 + Level 2.7 Maces & Flails
 + Level 3.7 Armour
 + Level 0.7 Dodging
 + Level 4.0 Shields


You had 3 spell levels left.
You didn't know any spells.

Dungeon Overview and Level Annotations

Branches:
Dungeon (3/15)

Altars:
Elyvilon
Hepliaklqana
Xom


Innate Abilities, Weirdness & Mutations

You are resistant to torment.
Your stone body is resilient. (AC +3)
You are immune to poison.
You resist negative energy. (rN+)
You are resistant to electric shocks. (rElec)
You can survive without breathing.
You are immune to petrification.
You are immune to rotting.


Message History

An orc wizard appears from thin air!
Reactivating autopickup.
The orc wizard casts a spell.
The orc wizard flickers and vanishes!
Deactivating autopickup; reactivate with Ctrl-A.
You closely miss the goblin. The goblin barely misses you.
The goblin hits you but does no damage.
You sock the goblin!
You kill the goblin!
You hit the orc.
The orc is severely wounded.
The orc hits you but does no damage.
You miss something. You block something's attack.
You barely miss something. Something hits you.
* * * LOW HITPOINT WARNING * * *
You hit something.
You hear some strange, mumbled words.
A puff of flame appears from out of thin air!
The puff of flame hits you!
You die...

# ################## ####
.................# #...
################.# #.## #.# #.##
#.# #.## #.# #.## #.# #... #####
#@# #... ##...###########)# #...
..............##o# #...
##..............o######### #...
#...............#.##....# #...
##..........)....#.##....#####...
................(...............>
##..............)#.##............
##...............#.......#.##....


You could see 2 orcs.

Vanquished Creatures
  2 adders
  An ooze (D:3)
  2 leopard geckos
  2 orcs (D:3)
  8 bats
  3 giant cockroaches
  5 goblins
  8 hobgoblins
  3 frilled lizards
  4 kobolds
  A rat (D:2)
39 creatures vanquished.

Notes
Turn   | Place    | Note
-------+----------+-------------------------------------------
     0 | D:1      | JeffiDaFish the Gargoyle Fighter began the quest for the Orb.
     0 | D:1      | Reached XP level 1. HP: 14/14 MP: 1/1
   261 | D:1      | Reached XP level 2. HP: 19/19 MP: 2/2
   914 | D:2      | Found a white marble altar of Elyvilon.
   914 | D:2      | Found a faded altar of an unknown god.
   921 | D:2      | Found a faded altar of an unknown god.
   929 | D:2      | Found a faded altar of an unknown god.
   931 | D:2      | Found a faded altar of an unknown god.
  1004 | D:2      | Reached XP level 3. HP: 14/23 MP: 3/3
  1241 | D:2      | Found a hazy altar of Hepliaklqana.
  1834 | D:3      | Found a shimmering altar of Xom.
  1846 | D:3      | Reached skill level 4 in Shields
  1846 | D:3      | Reached XP level 4. HP: 26/29 MP: 4/4
  2053 | D:3      | Killed from afar by an orc wizard

Skill      XL: |  1  2  3 |
---------------+----------+-----
Shields        | 4 |  4.0
Fighting       | |  3.7
Maces & Flails | |  2.7
Armour         | |  3.7
Dodging        | |  0.7

Action                   |  1- 3 |  4- 6 || total
-------------------------+-------+-------++-------
Melee: Flail             |   157 |    25 ||   182
  Use: Scroll            |     9 |       ||     9
       Potion            |     2 |       ||     2
  Eat: Chunk             |     3 |     1 ||     4
Armor: Scale mail        |    99 |    36 ||   135
Dodge: Dodged            |    53 |    16 ||    69
Block: Shield            |    80 |    10 ||    90
